 Dungeon Crawl Stone Soup version 0.17-a0-1397-g0eee0a3 (webtiles) character file.

5 ololoev the Grasshopper (level 1, -1/16 HPs)
             Began as a Mummy Warper on June 17, 2015.
             Slain by a kobold
             ... wielding a +0 dagger
              (2 damage)
             ... on level 1 of the Dungeon.
             The game lasted 00:00:27 (311 turns).

ololoev the Grasshopper (Mummy Warper)               Turns: 311, Time: 00:00:27

Health: -1/16      AC:  3    Str: 14    XL:     1   Next: 66%
Magic:  3/3        EV: 11    Int: 12    God:
Gold:   4          SH:  0    Dex: 11    Spells: 1 memorised, 3 levels left

rFire  x . .     SeeInvis .     a - +0 falchion
rCold  + . .     Clarity  .     b - +0 leather armour
rNeg   + + +     SustAt   .     (no shield)
rPois  ∞         Gourm    .     (no helmet)
rElec  .         Spirit   .     (no cloak)
rCorr  .         Warding  .     (no gloves)
rMut   .         Stasis   .     (no boots)
MR     .....                    (no amulet)
Stlth  +.........               (no ring)
                                (no ring)

@: not resistant to hostile enchantments, very unstealthy
A: no food or potions, fire vulnerability, cold resistance 1, negative energy
resistance 3, torment resistance, unbreathing
a: no special abilities


Innate Abilities, Weirdness & Mutations

You do not eat or drink.
Your flesh is vulnerable to fire.
You are immune to poison.
Your flesh is cold resistant.
You are immune to negative energy.
You are immune to unholy pain and torment.
You can survive without breathing.

Inventory:

Hand weapons
 a - a +0 falchion (weapon)
Missiles
 e - 5 tomahawks of dispersal (quivered)
Armour
 b - a +0 leather armour (worn)
Scrolls
 d - a scroll of blinking
Books
 c - a book of Spatial Translocations

   Spells                             Type                      Level
   a - Apportation                    Translocation                1
   b - Blink                          Translocation                2
   c - Shroud of Golubria             Charms/Translocation         2
   d - Portal Projectile              Translocation                3
   e - Teleport Other                 Translocation                3
   f - Passage of Golubria            Translocation                4


   Skills:
 - Level 2.0 Fighting
 * Level 2.0 Long Blades
 - Level 0.7 Throwing
 - Level 0.7 Armour
 - Level 1.5 Dodging
 - Level 2.0 Spellcasting
 - Level 2.4 Translocations


You had 3 spell levels left.
You knew the following spells:

 Your Spells              Type           Power        Failure   Level  Hunger
a - Apportation           Tloc           #.........   17%         1    N/A


You were on level 1 of the Dungeon.
You were not hungry.

You visited 1 branch of the dungeon, and saw 1 of its levels.

You collected 4 gold pieces.

##...##...##...##...###..#
.##.####.####.####.#....##
......................###
###########.###########
####.......÷...#...
........######.#.#
........#........#
........#........#
.###+##......@...#
#........####K#.#####
#........# #.........
#........# #...######
#.....#### #...# #.....
#..... #..... #...###
#..... #...# #...#

Notes
Turn   | Place    | Note
--------------------------------------------------------------
     0 | D:1      | ololoev the Mummy Warper began the quest for the Orb.
     0 | D:1      | Reached XP level 1. HP: 16/16 MP: 3/3
   311 | D:1      | Slain by a kobold

Dungeon Overview and Level Annotations

Branches:
Dungeon (1/15)

Altars:


Message History

The goblin shouts!
The kobold hits you with a dagger.
You hit the kobold but do no damage. The goblin hits you but does no damage.
The kobold hits you with a dagger. The goblin hits you with a dagger.
You are too injured to fight recklessly!
You are too injured to fight recklessly!
You are too injured to fight recklessly!
You are too injured to fight recklessly!
You are too injured to fight recklessly!
You are too injured to fight recklessly!
You are too injured to fight recklessly!
You are too injured to fight recklessly!
You are too injured to fight recklessly!
You are too injured to fight recklessly!
You are too injured to fight recklessly!
You are too injured to fight recklessly!
You are too injured to fight recklessly!
You are too injured to fight recklessly!
You are too injured to fight recklessly!
You are too injured to fight recklessly!
You are too injured to fight recklessly!
You are too injured to fight recklessly!
You are too injured to fight recklessly!
Press: ? - help, v - describe, . - travel
Here: a kobold, wielding a dagger The floor.
You hit the kobold but do no damage. The kobold barely misses you.
You closely miss the kobold. The kobold barely misses you.
You closely miss the kobold. The kobold hits you but does no damage.
The kobold hits you but does no damage.
You barely miss the kobold. The kobold hits you but does no damage.
You barely miss the kobold. The kobold hits you but does no damage.
You closely miss the kobold. The kobold hits you but does no damage.
You closely miss the kobold. The kobold hits you with a dagger.
You hit the kobold but do no damage. The kobold hits you with a dagger.
The kobold hits you with a dagger.
You hit the kobold.
The kobold is severely wounded.
The kobold hits you with a dagger.
You die...

You could see a kobold.

Vanquished Creatures
  A bat (D:1)
  2 jackals (D:1)
  A ball python (D:1)
  A rat (D:1)
5 creatures vanquished.

Action                   || total
-------------------------++-------
Melee: Falchion          ||    25
 Stab: Sleeping          ||     1

Vault maps used:
D:1:      dpeg_arrival_chambers_temple_mockup, minmay_misc_feat_four_crosses
